 Dungeon Crawl Stone Soup version 0.21.0-24-g2553a33 (webtiles) character file.

74 taran the Skirmisher (level 4, -1/53 HPs)
             Began as an Ogre Monk on Jan 20, 2018.
             Slain by a killer bee (3 damage)
             ... on level 3 of the Dungeon.
             The game lasted 00:08:07 (2149 turns).

taran the Skirmisher (Ogre Monk)                    Turns: 2149, Time: 00:08:09

Health: -1/53      AC:  3    Str: 15    XL:     4   Next: 28%
Magic:  4/4        EV: 10    Int: 11    God:
Gold:   154        SH:  3    Dex: 12    Spells: 3/3 levels left

rFire    . . .     SeeInvis .   a - +0 mace
rCold    . . .     Gourm    .   (no shield)
rNeg     . . .     Faith    .   b - +0 robe
rPois    .         Spirit   .   (helmet restricted)
rElec    .         Reflect  +   (no cloak)
rCorr    .         Harm     .   (gloves unavailable)
MR       .....                  (boots unavailable)
Stlth    ++........             f - +3 amulet of reflection
HPRegen  0.17/turn              h - ring of wizardry
MPRegen  0.09/turn              (no ring)

@: lethally poisoned (-1 -> -20)
A: large, unfitting armour, tough skin 1
a: no special abilities


You were on level 3 of the Dungeon.
You were not hungry.

You visited 1 branch of the dungeon, and saw 3 of its levels.

You collected 154 gold pieces.

Inventory:

Hand Weapons
 a - a +0 mace (weapon)
Missiles
 j - 35 stones (quivered)
 k - 14 poisoned needles
Armour
 b - a +0 robe (worn)
Jewellery
 f - a +3 amulet of reflection (around neck)
 h - a ring of wizardry (left hand)
Scrolls
 d - 3 scrolls of identify {unknown}
 e - 2 scrolls of remove curse {unknown}
 l - 2 scrolls of teleportation {unknown}
 p - a scroll of enchant weapon {unknown}
 q - a scroll of enchant armour {unknown}
Potions
 g - a potion of haste {unknown}
 m - 3 potions of curing {unknown}
 n - a potion of degeneration {unknown}
 o - a potion of berserk rage {unknown}
Comestibles
 c - 5 rations
 i - 3 chunks of flesh


   Skills:
 + Level 6.6 Fighting
 - Level 2.6 Maces & Flails
 - Level 2.6 Dodging
 - Level 1.4 Stealth


You had 3 spell levels left.
You didn't know any spells.

Dungeon Overview and Level Annotations

Branches:
Dungeon (3/15)

Altars:

Annotations:
D:2 Sigmund
D:3 Ijyb


Innate Abilities, Weirdness & Mutations

You are too large for most types of armour.
You have tough skin. (AC +1)


Message History

You feel sick. The killer bee completely misses you. The killer bee stings you!
* * * LOW HITPOINT WARNING * * *
You are lethally poisoned!
The killer bee poisons you!
You take 11 damage, and have 18/53 hp.
MASSIVE DAMAGE!!
You miss the killer bee.
The killer bee is moderately wounded.
* * * LOW HITPOINT WARNING * * *
You feel very sick. The killer bee stings you.
* * * LOW HITPOINT WARNING * * *
The killer bee barely misses you. x2
You take 4 damage, and have 14/53 hp.
You hit the killer bee.
The killer bee is heavily wounded.
* * * LOW HITPOINT WARNING * * *
You feel sick. The killer bee stings you!
* * * LOW HITPOINT WARNING * * *
The killer bee stings you.
You die...

#..............
#..............
#.............. ###
.?..........y ...g
#.......... .....
#...y......
......#####.#+#######
.......$....#.#########
$.............y@.....>#
..............#########
###...........#
#...........#
#...........#
#...........#
#...........#########
.................#
........#######.######


You could see a killer bee.

Vanquished Creatures
  2 adders
  An ooze (D:2)
  2 worms (D:2)
  2 dart slugs
  A leopard gecko (D:1)
  A ball python (D:2)
  6 goblins
  3 hobgoblins
  4 jackals (D:2)
  5 kobolds
  7 bats
  4 frilled lizards
  4 rats
42 creatures vanquished.

Notes
Turn   | Place    | Note
-------+----------+-------------------------------------------
     0 | D:1      | taran the Ogre Monk began the quest for the Orb.
     0 | D:1      | Reached XP level 1. HP: 24/24 MP: 1/1
   105 | D:1      | Reached XP level 2. HP: 30/33 MP: 2/2
   411 | D:1      | Reached skill level 5 in Fighting
   742 | D:1      | Reached XP level 3. HP: 35/42 MP: 3/3
  1116 | D:2      | Noticed Sigmund
  1205 | D:2      | Reached skill level 6 in Fighting
  1678 | D:2      | Reached XP level 4. HP: 50/53 MP: 4/4
  2130 | D:3      | Noticed Ijyb
  2149 | D:3      | HP: 2/53 [killer bee (10)]
  2149 | D:3      | Slain by a killer bee

Skill      XL: |  1  2  3 |
---------------+----------+-----
Fighting       | 5 6 |  6.6
Maces & Flails | |  2.6
Dodging        | |  2.6
Stealth        | |  1.4

Action                   |  1- 3 |  4- 6 || total
-------------------------+-------+-------++-------
Melee: Mace              |   135 |    22 ||   157
Throw: Stone             |    47 |     7 ||    54
  Eat: Chunk             |     3 |     1 ||     4
Armor: Robe              |    37 |     8 ||    45
Dodge: Dodged            |    65 |    12 ||    77
Block: Other             |    10 |     2 ||    12
       Reflection        |     2 |       ||     2
